 Dungeon Crawl Stone Soup version 0.25.1-2-g60ff931df9 (webtiles) character file.

Game seed: 7774954665206688551

1142 Martska the Poker (level 8, -3/76 HPs)
             Began as a Naga Warper on Oct 11, 2020.
             Slain by a killer bee (5 damage)
             ... on level 7 of the Dungeon.
             The game lasted 00:24:44 (9635 turns).

Martska the Poker (Naga Warper)                     Turns: 9635, Time: 00:24:46

Health: -3/76      AC:  7    Str: 22    XL:     8   Next: 37%
Magic:  11/11      EV:  8    Int: 14    God:
Gold:   232        SH:  9    Dex: 10    Spells: 11/11 levels left

rFire    + . .     SeeInvis +   a - +0 spear
rCold    . . .     Gourm    .   h - +0 kite shield
rNeg     . . .     Faith    .   b - +0 leather armour
rPois    +         Spirit   .   p - +0 helmet
rElec    .         Reflect  .   i - +0 cloak
rCorr    .         Harm     .   L - +0 pair of gloves
MR       +....                  (no barding)
Stlth    +.........             (no amulet)
HPRegen  0.22/turn              u - ring of protection from fire
MPRegen  0.12/turn              e - +6 ring of strength

@: about to teleport, short of breath, studying Invocations, very slow
A: large, see invisible, deformed body, poison resistance, slowness 2, slow
metabolism 1, spit poison 1, AC +2
a: Spit Poison


You were on level 7 of the Dungeon.
You were not hungry.

You visited 2 branches of the dungeon, and saw 8 of its levels.

You collected 358 gold pieces.
You spent 126 gold pieces at shops.

Inventory:

Hand Weapons
 a - a +0 spear (weapon)
 g - a +2 hand axe of electrocution
Missiles
 y - a boomerang (quivered)
Armour
 b - a +0 leather armour (worn)
 h - a +0 kite shield (worn)
 i - a +0 cloak (worn)
 p - a +0 helmet (worn)
 L - a +0 pair of gloves (worn)
Jewellery
 d - an uncursed ring of ice {unknown}
 e - a +6 ring of strength (right hand)
 n - an uncursed ring of fire
 q - an uncursed ring of attention
 u - a ring of protection from fire (left hand)
 K - an uncursed ring of resist corrosion {unknown}
Scrolls
 r - a scroll of fear {unknown}
 s - 3 scrolls of noise {unknown}
 t - 4 scrolls of remove curse
 v - 5 scrolls of identify
 w - 3 scrolls of teleportation
 z - a scroll of amnesia {unknown}
 A - a scroll of magic mapping {unknown}
 B - 2 scrolls of enchant weapon {unknown}
 C - 2 scrolls of enchant armour
 D - a scroll of fog {unknown}
 E - 2 scrolls of random uselessness {unknown}
 H - a scroll of immolation {unknown}
Potions
 c - a potion of stabbing {unknown}
 j - a potion of invisibility {unknown}
 k - 2 potions of flight
 l - a potion of heal wounds {unknown}
 m - a potion of berserk rage {unknown}
 o - a potion of cancellation {unknown}
 x - 2 potions of might {unknown}
 F - a potion of resistance {unknown}
 I - a potion of curing
 J - a potion of magic {unknown}
Books
 G - a manual of Invocations
Comestibles
 f - 8 rations


   Skills:
 * Level 6.2 Fighting
 * Level 6.3 Polearms
 - Level 0.8 Throwing
 + Level 1.1 Armour
 * Level 2.0 Dodging
 + Level 3.1 Shields
 + Level 2.2 Spellcasting
   Level 3.0 Translocations


You had 11 spell levels left.
You didn't know any spells.
Your spell library contained the following spells:

 Spells                   Type           Power        Failure   Level  Hunger
 Blink                    Tloc           N/A          38%         2    ###....
 Shroud of Golubria       Chrm/Tloc      #.....       61%         2    ###....
 Gell's Gravitas          Tloc           #.........   63%         3    ###....
 Lesser Beckoning         Tloc           #.........   63%         3    ###....
 Teleport Other           Tloc           #.......     63%         3    ###....
 Passage of Golubria      Tloc           N/A          95%         4    #####..


Dungeon Overview and Level Annotations

Branches:
Dungeon (7/15)             Temple (1/1) D:5

Altars:
Elyvilon
Fedhas
Gozag
Kikubaaqudgha
Nemelex Xobeh
Okawaru
Ru
Sif Muna
Trog
Uskayaw
Vehumet
The Shining One
Lugonu

Shops:
D:5 %?}=[

Annotations:
D:5 2 transporters, Xye's ghost, novice DECj


Innate Abilities, Weirdness & Mutations

You cannot wear boots.
Your serpentine skin is tough. (AC +2)
You have supernaturally acute eyesight. (SInv)
Armour fits poorly on your strangely shaped body.
Your system is resistant to poisons. (rPois)
You cover ground very slowly.
You have a slow metabolism.
You can spit poison.


Message History

The bullfrog hits you.
Okay, then.
You eat one of the 9 rations.
That ration really hit the spot!
The killer bee stings you. The killer bee closely misses you.
The bullfrog hits you. The killer bee stings you!
* * * LOW HITPOINT WARNING * * *
The killer bee stings you.
* * * LOW HITPOINT WARNING * * *
The bullfrog hits you.
* * * LOW HITPOINT WARNING * * *
Press: ? - help, Shift-Dir - straight line, f - killer bee
Aim: a killer bee The splash of poison misses the killer bee.
You feel slightly more hungry. You block the killer bee's attack.
The killer bee stings you!
* * * LOW HITPOINT WARNING * * *
The killer bee stings you.
* * * LOW HITPOINT WARNING * * *
The killer bee stings you.
You die...

. . #. #. #
#####[####.#
...)....<..#
......yy##.#
.####>#@# #
# #F#
#.Zy....#
###.##..#
#.. .# #.# #
#.# ... ..#


You could see a bullfrog, 3 killer bees and an adder skeleton.

Vanquished Creatures
  2 phantoms
  Blork the orc (D:6)
  A killer bee (D:7)
  2 howler monkeys
  A crimson imp (D:5)
  A bullfrog zombie (D:6)
  2 hounds
  A bullfrog skeleton (D:4)
  4 orc priests
  2 centaur skeletons
  An iguana (D:4)
  Jessica (D:2)
  An orc wizard (D:4)
  3 worker ants
  A hound skeleton (D:4)
  A worker ant zombie (D:6)
  A howler monkey skeleton (D:4)
  9 adders
  5 gnolls
  An ooze (D:1)
  6 worms
  6 dart slugs
  6 leopard geckos
  11 orcs
  5 giant cockroaches
  13 goblins
  7 hobgoblins
  5 jackals
  5 kobolds
  A ball python (D:3)
  7 bats
  3 frilled lizards
  A jackal skeleton (D:4)
  A leopard gecko skeleton (D:5)
  A quokka zombie (D:5)
  7 rats
126 creatures vanquished.

Notes
Turn   | Place    | Note
-------+----------+-------------------------------------------
     0 | D:1      | Martska the Naga Warper began the quest for the Orb.
     0 | D:1      | Reached XP level 1. HP: 19/19 MP: 3/3
   143 | D:1      | Reached XP level 2. HP: 11/27 MP: 5/5
   801 | D:1      | Reached XP level 3. HP: 22/33 MP: 6/6
  1715 | D:2      | Found a white marble altar of Elyvilon.
  1727 | D:2      | Reached XP level 4. HP: 35/42 MP: 7/7
  1874 | D:2      | Reached skill level 1 in Shields
  2198 | D:2      | Noticed Jessica
  2210 | D:2      | Killed Jessica
  2375 | D:1      | Reached XP level 5. HP: 6/49 MP: 8/8
  2974 | D:2      | Found a faded altar of an unknown god.
  3949 | D:3      | Reached XP level 6. HP: 57/57 MP: 9/9
  4454 | D:4      | Noticed a phantom
  5619 | D:4      | You fall into a shaft and drop 2 floors!
  5665 | D:5      | Entered Level 5 of the Dungeon
  5675 | D:5      | Reached XP level 7. HP: 59/66 MP: 10/10
  5679 | D:5      | Reached skill level 5 in Polearms
  5761 | D:5      | Reached skill level 5 in Fighting
  5876 | D:5      | Found Ishap's Magic Scroll Emporium.
  5884 | D:5      | Bought a scroll of remove curse for 36 gold pieces
  5884 | D:5      | Bought a scroll of enchant armour for 90 gold pieces
  5900 | D:5      | Found Veigeon's Gadget Shoppe.
  5914 | D:5      | Found Xeytot's Jewellery Boutique.
  6017 | D:4      | Found a glowing golden altar of the Shining One.
  6367 | D:4      | Found a blossoming altar of Fedhas.
  6418 | D:4      | HP: 3/67 [hound skeleton (4)]
  7001 | D:4      | Found an iron altar of Okawaru.
  7443 | D:5      | Found Jiublumn's Food Shoppe.
  7581 | D:5      | Noticed Xye's ghost (novice DECj)
  7631 | D:5      | Found a transporter.
  7678 | D:5      | Found a transporter.
  7806 | D:5      | Found a staircase to the Ecumenical Temple.
  7817 | Temple   | Entered the Ecumenical Temple
  7897 | D:5      | Found Qilegrud's Antique Armour Boutique.
  8188 | D:5      | Reached XP level 8. HP: 76/76 MP: 11/11
  8556 | D:6      | Noticed Blork the orc
  8569 | D:6      | Killed Blork the orc
  8617 | D:6      | Found a shimmering blue altar of Sif Muna.
  9061 | D:6      | Reached skill level 1 in Armour
  9635 | D:7      | HP: 2/76 [killer bee (4)]
  9635 | D:7      | Slain by a killer bee

Illustrated notes

Levels and vault maps discovered:
D:1:      roderic_octagonal_star, layout_basic
D:2:      layout_loops_cross, lemuel_doored_altar,
          chequers_ecumenical_altar_grove, first_ration,
          roderic_serpentine_path, uniq_jessica
D:3:      layout_basic, minmay_door_square, minmay_misc_feat_tiny,
          minmay_cut_off
D:4:      minmay_razor_zed, layout_loops_ring, nicolae_overflow_crystal_walls,
          nicolae_tso_swordbearing_angel, kennysheep_mini, minmay_manual_moon
D:5:      layout_basic, minmay_temple_entry_crystal_x, gammafunk_ghost_arena,
          serial_shops, nicolae_shop_behind_doors, nicolae_shop_waterfront,
          shop, kennysheep_mini_moat, nicolae_shop_trees
D:6:      layout_layer_cave, tgw_sif
D:7:      layout_loops_ring, nicolae_overflow_hidden_temple,
          lemuel_coloured_pillars_altar, overflow_temple_1_default,
          chequers_temple_overflow_statue_of_worship, grunt_livestock,
          guppyfry_shop_venom, uniq_joseph
Temple:   corrupted_temple

Skill      XL: |  1  2  3  4  5  6  7  8 |
---------------+-------------------------+-----
Fighting       | 3 4 5 6 |  6.2
Polearms       | 3 4 5 6 |  6.3
Shields        | 1 2 3 |  3.1
Armour         | 1 |  1.1
Dodging        | 2 |  2.0
Throwing       | |  0.8
Spellcasting   | |  2.2
Translocations | |  3.0

Action                   |  1- 3 |  4- 6 |  7- 9 || total
-------------------------+-------+-------+-------++-------
Melee: Spear             |   115 |   298 |   258 ||   671
Throw: Boomerang         |       |     5 |     5 ||    10
 Abil: Spit Poison       |     7 |    37 |    17 ||    61
  Use: Scroll            |     3 |     6 |     2 ||    11
       Potion            |       |     2 |     1 ||     3
 Stab: Sleeping          |     1 |       |       ||     1
  Eat: Chunk             |     2 |     5 |     4 ||    11
       Ration            |       |     2 |     3 ||     5
Armor: Leather armour    |    24 |    80 |    68 ||   172
Dodge: Dodged            |    23 |    88 |    60 ||   171
Block: Kite shield       |    29 |   121 |   102 ||   252
